TOP OF THE 1ST |
Hickory Crawdads batting - Pitching for Burlington Bees : RHP Dave Thomas
|
Pitching: RHP Dave Thomas
|
|
Batting: LHB Jose Baez
|
0-0: Foul Ball, location: 2F 0-1: Ground out 5-3 (Groundball, 56, EV 82.5 MPH)
|
Batting: SHB Isaiah Cherry
|
0-0: Ground out 6-3 (Groundball, 6M, EV 99.4 MPH)
|
Batting: RHB Doug Hammertime
|
0-0: Called Strike 0-1: Ball 1-1: Swinging Strike 1-2: Ball 2-2: Foul Ball, location: 2F 2-2: SINGLE (Line Drive, 7LM, EV 105.0 MPH)
|
Batting: SHB Rich Rubio
|
0-0: Ball Doug Hammertime steals 2nd base (no throw) 1-0: Ball 2-0: Foul Ball, location: 2F 2-1: Hit by Pitch
|
Batting: LHB Nick Foutz
|
0-0: Fly out, F8 (Flyball, 8RM, EV 78.8 MPH)
|
Top of the 1st over - 0 runs, 1 hit, 0 errors, 2 left on base; Hickory 0 - Burlington 0 |
BOTTOM OF THE 1ST |
Burlington Bees batting - Pitching for Hickory Crawdads : RHP Matt Stutzman
|
Pitching: RHP Matt Stutzman
|
|
Batting: RHB Jonathan Ellis
|
0-0: Called Strike 0-1: Swinging Strike 0-2: Strikes out swinging
|
Batting: RHB Ryan Munro
|
0-0: Foul Ball, location: 2F 0-1: Foul Ball, location: 2F 0-2: Ball 1-2: Strikes out swinging
|
Batting: RHB Melvin Gomez
|
0-0: Foul Ball, location: 2F 0-1: Ground out 6-3 (Groundball, 6, EV 88.1 MPH)
|
Bottom of the 1st over - 0 runs, 0 hits, 0 errors, 0 left on base; Hickory 0 - Burlington 0 |
TOP OF THE 2ND |
Hickory Crawdads batting - Pitching for Burlington Bees : RHP Dave Thomas
|
Batting: LHB Ben Radach
|
0-0: Swinging Strike 0-1: Ball 1-1: Swinging Strike 1-2: Ball 2-2: Ball 3-2: Base on Balls
|
Batting: RHB Adryão Anto
|
0-0: Ball 1-0: Ball 2-0: Called Strike 2-1: Called Strike 2-2: Foul Ball, location: 2F 2-2: SINGLE (Line Drive, 3D, EV 93.8 MPH) Ben Radach to second
|
Batting: LHB Casper Kersten
|
0-0: Called Strike 0-1: SINGLE (Groundball, 4MD, EV 103.1 MPH) Ben Radach to third Adryão Anto to second
|
Batting: RHB Gavin Fimple
|
0-0: Called Strike 0-1: Ball 1-1: Ball 2-1: Fielders Choice at 2nd, 3-6 (Groundball, 3, EV 85.0 MPH) Ben Radach scores Adryão Anto to third
|
Batting: LHB Jose Baez
|
0-0: Ball Gavin Fimple is caught stealing 2nd base 2-6 1-0: Foul Ball, location: 2F 1-1: Foul Ball, location: 2F 1-2: Ball 2-2: Foul Ball, location: 2F 2-2: Strikes out swinging
|
Top of the 2nd over - 1 run, 2 hits, 0 errors, 1 left on base; Hickory 1 - Burlington 0 |
BOTTOM OF THE 2ND |
Burlington Bees batting - Pitching for Hickory Crawdads : RHP Matt Stutzman
|
Batting: LHB Bill Kirtley
|
0-0: Foul Ball, location: 2F 0-1: Ball 1-1: Swinging Strike 1-2: Strikes out swinging
|
Batting: LHB Rusty Ney
|
0-0: Called Strike 0-1: Fly out, F7 (Flyball, 7S, EV 88.1 MPH)
|
Batting: LHB Jorge Zermeno
|
0-0: Ball 1-0: Called Strike 1-1: Ball 2-1: Called Strike 2-2: Strikes out looking
|
Bottom of the 2nd over - 0 runs, 0 hits, 0 errors, 0 left on base; Hickory 1 - Burlington 0 |
TOP OF THE 3RD |
Hickory Crawdads batting - Pitching for Burlington Bees : RHP Dave Thomas
|
Batting: SHB Isaiah Cherry
|
0-0: Foul Ball, location: 2F 0-1: Ball 1-1: Ball 2-1: Ground out 4-3 (Groundball, 4, EV 91.3 MPH)
|
Batting: RHB Doug Hammertime
|
0-0: Ball 1-0: Ball 2-0: Called Strike 2-1: Fly out, F7 (Flyball, 7S, EV 92.5 MPH)
|
Batting: SHB Rich Rubio
|
0-0: Ball 1-0: Ground out 3-1 (Groundball, 34, EV 103.8 MPH)
|
Top of the 3rd over - 0 runs, 0 hits, 0 errors, 0 left on base; Hickory 1 - Burlington 0 |
BOTTOM OF THE 3RD |
Burlington Bees batting - Pitching for Hickory Crawdads : RHP Matt Stutzman
|
Batting: RHB Greg Burdine
|
0-0: Ground out 3-1 (Groundball, 34, EV 84.4 MPH)
|
Batting: SHB Tim Connell
|
0-0: Ball 1-0: Foul Ball, location: 2F 1-1: Ball 2-1: Swinging Strike 2-2: Ball 3-2: Ground out 6-3 (Groundball, 6MS, EV 77.5 MPH)
|
Batting: RHB Rob Bly
|
0-0: Ground out 6-3 (Groundball, 4M, EV 85.0 MPH)
|
Bottom of the 3rd over - 0 runs, 0 hits, 0 errors, 0 left on base; Hickory 1 - Burlington 0 |
TOP OF THE 4TH |
Hickory Crawdads batting - Pitching for Burlington Bees : RHP Dave Thomas
|
Batting: LHB Nick Foutz
|
0-0: Ball 1-0: Ball 2-0: DOUBLE (Line Drive, 89M, EV 99.4 MPH)
|
Batting: LHB Ben Radach
|
0-0: Ball Nick Foutz steals 3rd base 1-0: Swinging Strike 1-1: Foul Ball, location: 2F 1-2: Ball 2-2: Ball 3-2: Ground out 4-3 (Groundball, 4, EV 110.0 MPH) Nick Foutz scores
|
Batting: RHB Adryão Anto
|
0-0: Ball 1-0: Ball 2-0: Ground out U3 (Groundball, 34, EV 102.5 MPH)
|
Batting: LHB Casper Kersten
|
0-0: Called Strike 0-1: Ball 1-1: Called Strike 1-2: Foul Ball, location: 2F 1-2: Foul Ball, location: 2F 1-2: Ground out U3 (Groundball, 34S, EV 90.6 MPH)
|
Top of the 4th over - 1 run, 1 hit, 0 errors, 0 left on base; Hickory 2 - Burlington 0 |
BOTTOM OF THE 4TH |
Burlington Bees batting - Pitching for Hickory Crawdads : RHP Matt Stutzman
|
Batting: RHB Jonathan Ellis
|
0-0: Ball 1-0: Called Strike 1-1: Called Strike 1-2: Strikes out swinging
|
Batting: RHB Ryan Munro
|
0-0: Called Strike 0-1: Ball 1-1: Ball 2-1: Ball 3-1: Ground out 4-3 (Groundball, 4, EV 84.4 MPH)
|
Batting: RHB Melvin Gomez
|
0-0: Ball 1-0: Fly out, F8 (Flyball, 8LXD, EV 78.8 MPH)
|
Bottom of the 4th over - 0 runs, 0 hits, 0 errors, 0 left on base; Hickory 2 - Burlington 0 |
TOP OF THE 5TH |
Hickory Crawdads batting - Pitching for Burlington Bees : RHP Dave Thomas
|
Batting: RHB Gavin Fimple
|
0-0: Ground out 5-3 (Groundball, 56S, EV 71.3 MPH)
|
Batting: LHB Jose Baez
|
0-0: Ball 1-0: Foul Ball, location: 2F 1-1: Ball 2-1: Fly out, F8 (Flyball, 8LD, EV 86.3 MPH)
|
Batting: SHB Isaiah Cherry
|
0-0: Fly out, F9 (Flyball, 9D, EV 110.0 MPH)
|
Top of the 5th over - 0 runs, 0 hits, 0 errors, 0 left on base; Hickory 2 - Burlington 0 |
BOTTOM OF THE 5TH |
Burlington Bees batting - Pitching for Hickory Crawdads : RHP Matt Stutzman
|
Batting: LHB Bill Kirtley
|
0-0: Foul Ball, location: 2F 0-1: Ball 1-1: Ball 2-1: Foul Ball, location: 2F 2-2: Strikes out swinging
|
Batting: LHB Rusty Ney
|
0-0: Ball 1-0: Fly out, F7 (Flyball, 7LM, EV 83.1 MPH)
|
Batting: LHB Jorge Zermeno
|
0-0: Called Strike 0-1: Ground out 5-3 (Groundball, 6, EV 100.6 MPH)
|
Bottom of the 5th over - 0 runs, 0 hits, 0 errors, 0 left on base; Hickory 2 - Burlington 0 |
TOP OF THE 6TH |
Hickory Crawdads batting - Pitching for Burlington Bees : RHP Dave Thomas
|
Batting: RHB Doug Hammertime
|
0-0: Swinging Strike 0-1: Ball 1-1: Ball 2-1: Fly out, F9 (Flyball, 89S, EV 78.8 MPH)
|
Batting: SHB Rich Rubio
|
0-0: Called Strike 0-1: Ball 1-1: Hit by Pitch
|
Pinch Runner at 1st Yusuke Nakamura:
|
|
Batting: LHB Nick Foutz
|
0-0: Fly out, F7 (Flyball, 78M, EV 95.6 MPH)
|
Batting: LHB Ben Radach
|
0-0: Foul Ball, location: 2F 0-1: Foul Ball, location: 2F 0-2: Ball 1-2: Ball Passed Ball! Yusuke Nakamura to second 2-2: Hit by Pitch
|
Pitching: LHP Cody Bodenhamer
|
|
Batting: RHB Adryão Anto
|
0-0: Called Strike 0-1: Ground out 1-3 (Groundball, P, EV 63.8 MPH)
|
Top of the 6th over - 0 runs, 0 hits, 0 errors, 2 left on base; Hickory 2 - Burlington 0 |
BOTTOM OF THE 6TH |
Burlington Bees batting - Pitching for Hickory Crawdads : RHP Matt Stutzman
|
Now at 1B: Jason Swisher
|
|
Batting: RHB Greg Burdine
|
0-0: Ball 1-0: Ground out 5-3 (Groundball, 56, EV 85.0 MPH)
|
Batting: SHB Tim Connell
|
0-0: Ball 1-0: Called Strike 1-1: Ball 2-1: Called Strike 2-2: Ball 3-2: Strikes out swinging, 2-3 out at first.
|
Batting: RHB Rob Bly
|
0-0: Called Strike 0-1: Called Strike 0-2: Foul Ball, location: 2F 0-2: Strikes out swinging
|
Bottom of the 6th over - 0 runs, 0 hits, 0 errors, 0 left on base; Hickory 2 - Burlington 0 |
TOP OF THE 7TH |
Hickory Crawdads batting - Pitching for Burlington Bees : LHP Cody Bodenhamer
|
Pitching: RHP Craig Murphy
|
|
Batting: LHB Casper Kersten
|
0-0: Swinging Strike 0-1: Foul Ball, location: 2F 0-2: Foul Ball, location: 2F 0-2: Fly out, F7 (Flyball, 78S, EV 87.5 MPH)
|
Batting: RHB Gavin Fimple
|
0-0: Called Strike 0-1: DOUBLE (Line Drive, 3D, EV 98.1 MPH)
|
Batting: LHB Jose Baez
|
0-0: Ball Gavin Fimple steals 3rd base 1-0: Ball 2-0: Foul Ball, location: 2F 2-1: Foul Ball, location: 2F 2-2: Fly out, F8 (Flyball, 8RD, EV 87.5 MPH) Runner from 3rd tags up, SCORES, no throw by CF
|
Batting: SHB Isaiah Cherry
|
0-0: Ball 1-0: Swinging Strike 1-1: Swinging Strike 1-2: Strikes out swinging
|
Top of the 7th over - 1 run, 1 hit, 0 errors, 0 left on base; Hickory 3 - Burlington 0 |
BOTTOM OF THE 7TH |
Burlington Bees batting - Pitching for Hickory Crawdads : RHP Matt Stutzman
|
Batting: RHB Jonathan Ellis
|
0-0: Ball 1-0: Foul Ball, location: 2F 1-1: Fly out, F8 (Flyball, 8LXD, EV 94.4 MPH)
|
Batting: RHB Ryan Munro
|
0-0: Ball 1-0: Ball 2-0: Foul Ball, location: 2F 2-1: Ball 3-1: Called Strike 3-2: Strikes out swinging
|
Batting: RHB Melvin Gomez
|
0-0: Called Strike 0-1: Ball 1-1: Ball 2-1: Swinging Strike 2-2: Ground out 6-3 (Groundball, 6, EV 98.1 MPH)
|
Bottom of the 7th over - 0 runs, 0 hits, 0 errors, 0 left on base; Hickory 3 - Burlington 0 |
TOP OF THE 8TH |
Hickory Crawdads batting - Pitching for Burlington Bees : RHP Craig Murphy
|
Batting: RHB Doug Hammertime
|
0-0: Ball 1-0: Ball 2-0: Foul Ball, location: 2F 2-1: Foul Ball, location: 2F 2-2: Ball 3-2: Reached on error, E5 (Groundball, 56, EV 78.8 MPH)
|
Batting: RHB Jason Swisher
|
0-0: Ball Doug Hammertime steals 2nd, throwing error, E2 Doug Hammertime to third 1-0: Called Strike 1-1: Ball 2-1: Swinging Strike 2-2: Ball 3-2: Foul Ball, location: 2F 3-2: Strikes out swinging
|
Batting: LHB Nick Foutz
|
0-0: Ball 1-0: Ball 2-0: Called Strike 2-1: Foul Ball, location: 2F 2-2: Strikes out swinging
|
Pitching: RHP Mike Walrath
|
|
Batting: LHB Ben Radach
|
0-0: Ball 1-0: 2-RUN HOME RUN (Flyball, 7D, EV 100.0 MPH), Distance : 368 ft
|
Batting: RHB Adryão Anto
|
0-0: Foul Ball, location: 2F 0-1: Called Strike 0-2: Reached via error on a dropped throw from 1B, E1 (Groundball, 34S, EV 81.9 MPH)
|
Batting: LHB Casper Kersten
|
0-0: Ball 1-0: Ground out U3 (Groundball, 3L, EV 89.4 MPH)
|
Top of the 8th over - 2 runs, 1 hit, 3 errors, 1 left on base; Hickory 5 - Burlington 0 |
BOTTOM OF THE 8TH |
Burlington Bees batting - Pitching for Hickory Crawdads : RHP Matt Stutzman
|
Batting: LHB Bill Kirtley
|
0-0: Swinging Strike 0-1: Ball 1-1: Called Strike 1-2: Strikes out swinging
|
Batting: LHB Rusty Ney
|
0-0: Called Strike 0-1: Ball 1-1: Ground out 5-3 (Groundball, 5, EV 85.6 MPH)
|
Batting: LHB Jorge Zermeno
|
0-0: Ball 1-0: Ball 2-0: Called Strike 2-1: Foul Ball, location: 2F 2-2: Ball 3-2: Base on Balls
|
Batting: RHB Greg Burdine
|
0-0: Called Strike 0-1: Ball 1-1: Ground out 5-3 (Groundball, 56S, EV 80.0 MPH)
|
Bottom of the 8th over - 0 runs, 0 hits, 0 errors, 1 left on base; Hickory 5 - Burlington 0 |
TOP OF THE 9TH |
Hickory Crawdads batting - Pitching for Burlington Bees : RHP Mike Walrath
|
Batting: RHB Gavin Fimple
|
0-0: Swinging Strike 0-1: Ball 1-1: Ball 2-1: Fly out, F9 (Flyball, 9, EV 73.1 MPH)
|
Batting: LHB Jose Baez
|
0-0: Ground out 6-3 (Groundball, 6, EV 83.1 MPH)
|
Batting: SHB Isaiah Cherry
|
0-0: Called Strike 0-1: Ground out 6-3 (Groundball, 6M, EV 84.4 MPH)
|
Top of the 9th over - 0 runs, 0 hits, 0 errors, 0 left on base; Hickory 5 - Burlington 0 |
BOTTOM OF THE 9TH |
Burlington Bees batting - Pitching for Hickory Crawdads : RHP Matt Stutzman
|
Batting: SHB Tim Connell
|
0-0: SINGLE (Groundball, 4MD, EV 100.6 MPH)
|
Batting: RHB Rob Bly
|
|
Pinch Hitting: RHB Adam Noyes
|
0-0: Foul Ball, location: 2F 0-1: Ball 1-1: Called Strike 1-2: Ball 2-2: DOUBLE (Line Drive, 9LM, EV 105.0 MPH) Tim Connell to third
|
Batting: RHB Jonathan Ellis
|
0-0: Ball 1-0: Ball 2-0: Ground out 2-3 (Groundball, 15S, EV 71.3 MPH)
|
Batting: RHB Ryan Munro
|
0-0: Called Strike 0-1: Ball 1-1: Ball 2-1: Ground out 5-3 (Groundball, 5, EV 85.6 MPH)
|
Batting: RHB Melvin Gomez
|
0-0: Ball 1-0: Ball 2-0: Foul Ball, location: 2F 2-1: Foul Ball, location: 2F 2-2: Foul Ball, location: 2F 2-2: Ball 3-2: Base on Balls
|
Pitching: RHP Tim Riley
|
|
Batting: LHB Bill Kirtley
|
0-0: Foul Ball, location: 2F 0-1: Swinging Strike 0-2: Foul Ball, location: 2F 0-2: Strikes out swinging
|
Bottom of the 9th over - 0 runs, 2 hits, 0 errors, 3 left on base; Hickory 5 - Burlington 0 |
|